 Dungeon Crawl Stone Soup version 0.29.1-1-gd02db6906a (webtiles) character file.

Game seed: 1261702722734636597

223 Cataphract the Covered (level 5, -1/45 HPs)
             Began as a Demigod Fighter on Sept 29, 2022.
             Killed by divine providence
             ... invoked by an orc priest
              (11 damage)
             ... on level 3 of the Dungeon.
             The game lasted 00:08:24 (1123 turns).

Cataphract the Covered (Demigod Fighter)            Turns: 1123, Time: 00:08:28

Health: -1/45      AC:  9    Str: 17    XL:     5   Next: 39%
Magic:  7/7        EV:  9    Int: 18    God:
Gold:   75         SH:  5    Dex: 13    Spells: 4/4 levels left

rFire   . . .      SeeInvis .   m - +8 spear "Naarijid" {vorpal, rC- Int+4 Stlth+}
rCold   x . .      Faith    .   c - +0 buckler
rNeg    . . .      Spirit   .   b - +0 scale mail
rPois   .          Reflect  .   (no helmet)
rElec   .          Harm     .   (no cloak)
rCorr   .          Rampage  .   s - +1 Delatra's gloves {ID++}
Will    .....                   (no boots)
Stlth   +.........              f - amulet of regeneration
HPRegen 0.95/turn               (no ring)
MPRegen 0.10/turn               (no ring)

@: no status effects
A: high MP 1, forlorn, divine attributes
a: no special abilities


You were on level 3 of the Dungeon.
You visited 1 branch of the dungeon, and saw 3 of its levels.

You collected 75 gold pieces.

Inventory:

Hand Weapons
 a - a +0 long sword
 m - the +8 spear "Naarijid" (weapon) {vorpal, rC- Int+4 Stlth+}
   (You found it on level 2 of the Dungeon)

   It inflicts extra damage upon your enemies.
   Int:       It affects your intelligence (+4).
   rC:        It makes you vulnerable to cold.
   Stlth:     It makes you more stealthy.
 w - a +0 giant spiked club
Armour
 b - a +0 scale mail (worn)
 c - a +0 buckler (worn)
 h - a +0 pair of gloves
 s - the +1 Delatra's gloves (worn) {ID++}
   (You found it on level 3 of the Dungeon)

   It heals its wearer when they drink unknown potions.
   It restores its wearer's MP when they read unknown scrolls.
Magical Staves
 r - a staff of air
Jewellery
 f - an amulet of regeneration (around neck)
Scrolls
 e - 4 scrolls of teleportation {unknown}
 i - 2 scrolls of silence {unknown}
 j - a scroll of immolation {unknown}
 k - a scroll of noise {unknown}
 l - a scroll of identify {unknown}
 o - a scroll of enchant armour {unknown}
 p - a scroll of magic mapping {unknown}
 t - a scroll of torment {unknown}
 v - a scroll of enchant weapon {unknown}
Potions
 d - a potion of might
 g - a potion of invisibility
 n - a potion of heal wounds {unknown}
 u - a potion of ambrosia {unknown}


   Skills:
 + Level 3.2 Fighting
 + Level 3.1 Long Blades
 + Level 1.7 Polearms
 + Level 3.4 Armour
 + Level 1.1 Dodging
 + Level 0.3 Stealth
 + Level 3.3 Shields


You had 4 spell levels left.
You didn't know any spells.
Your spell library was empty.

Dungeon Overview and Level Annotations

Branches:
Dungeon (2/15)

Annotations:
D:3 Jessica


Innate Abilities, Weirdness & Mutations

You have an increased reservoir of magic. (+10% MP)
You shall have no god before yourself.
Your divine heritage dramatically boosts your attributes as you level up.


Message History

You block the orc priest's attack.
Items here: )) [ †.
The orc priest looks encouraged for a moment.
The orc priest looks satisfied for a moment.
The orc priest invokes the aid of Beogh against you.
Beogh smites you!
* * * LOW HITPOINT WARNING * * *
The orc priest casts a cantrip, but nothing happens.
The orc priest invokes the aid of Beogh against you.
Beogh smites you!
* * * LOW HITPOINT WARNING * * *
You feel better.
The orc priest looks satisfied for a moment.
The orc priest looks braver for a moment.
The orc priest begins to cast a cantrip, but forgets the words!
Jessica the Apprentice Sorceress comes into view.
She is wielding a +0 club and wearing a +2 robe of cold resistance.
An adder comes into view.
The adder hisses angrily.
A hobgoblin comes into view.
A bat comes into view.
The orc priest looks encouraged for a moment.
Found 3 scrolls labelled EXOAGY NIACUS.
You hit the adder.
The adder is moderately wounded.
The adder closely misses you. You block the adder's attack.
You hit the adder.
You kill the adder!
The bat closely misses you.
Jessica mumbles some strange words.
Jessica blinks!
The orc priest invokes the aid of Beogh against you.
Beogh smites you! The bat hits you but does no damage.
You see here an adder corpse.
The bat hits you but does no damage. x2
Jessica casts a spell at you. Pain shoots through your body!
* * * LOW HITPOINT WARNING * * *
The orc priest calls down the wrath of Beogh upon you.
Beogh smites you!
You die...

.... ....# ###
..... ..##
.⌠..g. ...
#..... #.#
#....##.#
#....@b######.
#....†@....?..
#...#..######.
#.. #..# ##.
#..#
##...##§.#
#......o.#
.⌠.@.##o##
.... #.# ...
#.# #####


You could see an orc priest, Jessica, an orc and a bat.

Vanquished Creatures
  An ogre (D:3)
  An orc wizard (D:3)
  5 adders
  A gnoll (D:3)
  7 orcs (D:3)
  8 bats
  3 endoplasms
  3 giant cockroaches
  4 goblins
  6 hobgoblins
  3 jackals (D:3)
  A kobold (D:1)
  3 quokkas (D:1)
  2 ball pythons
  3 frilled lizards (D:1)
  5 rats
56 creatures vanquished.

Notes
Turn   | Place    | Note
-------+----------+-------------------------------------------
     0 | D:1      | Cataphract the Demigod Fighter began the quest for the Orb.
     0 | D:1      | Reached XP level 1. HP: 18/18 MP: 3/3
   231 | D:1      | Reached XP level 2. HP: 25/25 MP: 4/4
   338 | D:1      | You fall into a shaft and drop 1 floor!
   461 | D:2      | Identified the +8 spear "Naarijid" {vorpal, rC- Int+4
                  | Stlth+}
   560 | D:2      | Reached XP level 3. HP: 30/30 MP: 5/5
   731 | D:2      | You fall into a shaft and drop 1 floor!
   852 | D:3      | Reached XP level 4. HP: 12/38 MP: 6/6
   855 | D:3      | Found the +1 Delatra's gloves {ID++}
  1026 | D:3      | Noticed an ogre
  1036 | D:3      | Killed an ogre
  1037 | D:3      | Reached skill level 1 in Polearms
  1037 | D:3      | Reached skill level 1 in Dodging
  1037 | D:3      | Reached XP level 5. HP: 13/45 MP: 7/7
  1095 | D:3      | HP: 1/45 [orc priest/divine providence (12)]
  1115 | D:3      | Noticed Jessica
  1123 | D:3      | Killed from afar by an orc priest

Illustrated notes

Levels and vault maps discovered:
D:1:      matt_arrival_grand_opening, layout_loops_ring, minmay_heptomino_w4
D:2:      layout_loops_corners, basic_altar,
          chequers_ecumenical_altar_simple_redux
D:3:      layout_loops_ring, nicolae_overflow_ecumenical_swirl,
          nicolae_overflow_hidden_temple, st_stairs_3,
          pf_guarded_unrand_delatra, uniq_jessica

Skill      XL: |  1  2  3  4 |
---------------+-------------+-----
Long Blades    | 2 3 |  3.1
Shields        | 3 |  3.3
Fighting       | 3 |  3.2
Armour         | 3 |  3.4
Polearms       | 1 |  1.7
Dodging        | 1 |  1.1
Stealth        | |  0.3

Action                   |  1- 3 |  4- 6 || total
-------------------------+-------+-------++-------
Melee: Long sword        |    61 |       ||    61
       Spear             |    51 |    24 ||    75
  Use: Potion            |     3 |     1 ||     4
 Stab: Invisible         |       |     1 ||     1
Armor: Scale mail        |    85 |     8 ||    93
Dodge: Dodged            |    86 |    14 ||   100
Block: Buckler           |    51 |     6 ||    57
